% Time on Ice - LONG BEACH BARACUDAS
Lines # - Real PCT - Wanted PCT - Time Play
Normal Forward
1 - 35% - 35% - 18:32
2 - 29% - 29% - 14:57
3 - 28% - 28% - 14:43
4 - 8% - 8% - 4:03
Normal Defense
1 - 37% - 36% - 19:13
2 - 32% - 31% - 16:35
3 - 22% - 23% - 11:28
4 - 10% - 10% - 4:59
PP Forward
1 - 42% - 51% - 1:36
2 - 58% - 49% - 2:11
PP Defense
1 - 48% - 55% - 1:48
2 - 52% - 45% - 1:59
PK Forward
1 - 66% - 55% - 1:19
2 - 34% - 45% - 0:40
PK Defense
1 - 39% - 55% - 0:47
2 - 61% - 45% - 1:12
PK3 Forward
1 - 0% - 55%
2 - 0% - 45%
PK3 Defense
1 - 0% - 55%
2 - 0% - 45%
44 Forward
1 - 62% - 55% - 1:14
2 - 38% - 45% - 0:45
44 Defense
1 - 52% - 55% - 1:02
2 - 48% - 45% - 0:57
Last Minute Offensive  - 0:00
Last Minute Defensive  - 0:00
Total
Forward - 60:00
Defense - 60:00
% Time on Ice - RENO LIONS
Lines # - Real PCT - Wanted PCT - Time Play
Normal Forward
1 - 33% - 35% - 17:20
2 - 35% - 35% - 18:02
3 - 22% - 20% - 11:27
4 - 10% - 10% - 5:26
Normal Defense
1 - 35% - 35% - 18:27
2 - 32% - 30% - 16:30
3 - 26% - 25% - 13:44
4 - 7% - 10% - 3:34
PP Forward
1 - 45% - 55% - 0:54
2 - 55% - 45% - 1:05
PP Defense
1 - 55% - 55% - 1:05
2 - 45% - 45% - 0:54
PK Forward
1 - 74% - 55% - 2:48
2 - 26% - 45% - 0:59
PK Defense
1 - 52% - 55% - 1:57
2 - 48% - 45% - 1:50
PK3 Forward
1 - 67% - 55% - 0:59
2 - 33% - 45% - 0:29
PK3 Defense
1 - 75% - 55% - 1:06
2 - 25% - 45% - 0:22
44 Forward
1 - 100% - 55% - 0:31
2 - 0% - 45% - 0:00
44 Defense
1 - 39% - 55% - 0:12
2 - 61% - 45% - 0:19
Last Minute Offensive  - 0:00
Last Minute Defensive  - 0:00
Total
Forward - 60:00
Defense - 60:00
Play-by-Play 1st period 0:01 of 1st period - Sidney Crosby wins face-off versus William Karlsson in neutral zone. 0:37 of 1st period - Nikolaj Ehlers is hit by Zachary Werenski and loses puck. 1:10 of 1st period - Shot by Steven Stamkos. 1:10 of 1st period - Deflect By Brendan Gallagher. 1:10 of 1st period - Shot Misses the Net. 1:34 of 1st period - Shot by Evgeny Dadonov. 1:34 of 1st period - Stopped by Brian Elliott without a rebound. 1:35 of 1st period - Nolan Patrick wins face-off versus Blake Coleman in LONG BEACH BARACUDAS zone. 2:55 of 1st period - Pierre-Luc Dubois is hit by Jordan Oesterle and loses puck. 3:06 of 1st period - Shot by Alex Killorn. 3:06 of 1st period - Stopped by Brian Elliott with a rebound. 3:08 of 1st period - Shot by Jordie Benn. 3:08 of 1st period - Stopped by Brian Elliott without a rebound. 3:09 of 1st period - Brad Richardson wins face-off versus Tomas Nosek in LONG BEACH BARACUDAS zone. 3:48 of 1st period - Shot by Brad Richardson. 3:48 of 1st period - Stopped by Jaroslav Halak with a rebound. 3:50 of 1st period - Shot by Derick Brassard. 3:50 of 1st period - Stopped by Jaroslav Halak without a rebound. 3:51 of 1st period - Sidney Crosby wins face-off versus Nikolaj Ehlers in RENO LIONS zone. 3:51 of 1st period - Sidney Crosby is hit by Robert Hagg. 3:53 of 1st period - Shot by Elias Lindholm. 3:53 of 1st period - Goal by Elias Lindholm - LONG BEACH BARACUDAS : 1 - RENO LIONS : 0. 3:54 of 1st period - Sidney Crosby wins face-off versus William Karlsson in neutral zone. 4:05 of 1st period - Shot by Elias Lindholm. 4:05 of 1st period - Shot Misses the Net. 4:08 of 1st period - Minor Penalty to Robert Hagg for High sticking. 4:09 of 1st period - Steven Stamkos wins face-off versus William Karlsson in RENO LIONS zone. 4:16 of 1st period - Shot by Steven Stamkos. 4:16 of 1st period - Stopped by Jaroslav Halak without a rebound. 4:17 of 1st period - Sidney Crosby wins face-off versus William Karlsson in RENO LIONS zone. 4:40 of 1st period - Shot by Kyle Palmieri. 4:40 of 1st period - Deflect By Sidney Crosby. 4:40 of 1st period - Shot Blocked by Nikolaj Ehlers. 4:50 of 1st period - Shot by Kyle Palmieri. 4:50 of 1st period - Stopped by Jaroslav Halak without a rebound. 4:51 of 1st period - Steven Stamkos wins face-off versus Pierre-Luc Dubois in RENO LIONS zone. 5:08 of 1st period - Shot by Steven Stamkos. 5:08 of 1st period - Deflect By Brendan Gallagher. 5:08 of 1st period - Stopped by Jaroslav Halak without a rebound. 5:09 of 1st period - Steven Stamkos wins face-off versus William Karlsson in RENO LIONS zone. 5:21 of 1st period - Shot by J.T. Compher. 5:21 of 1st period - Deflect By Steven Stamkos. 5:21 of 1st period - Shot Hit the Post. 5:23 of 1st period - Shot by J.T. Compher. 5:23 of 1st period - Shot Misses the Net. 5:25 of 1st period - Shot by Brendan Gallagher. 5:25 of 1st period - Goal by Brendan Gallagher - LONG BEACH BARACUDAS : 2 - RENO LIONS : 0. 5:26 of 1st period - Pierre-Luc Dubois wins face-off versus Sidney Crosby in neutral zone. 5:29 of 1st period - Shot by Evgeny Dadonov. 5:29 of 1st period - Goal by Evgeny Dadonov - LONG BEACH BARACUDAS : 2 - RENO LIONS : 1. 5:30 of 1st period - Sidney Crosby wins face-off versus Evgeny Dadonov in neutral zone. 6:17 of 1st period - Shot by Evgeny Dadonov. 6:17 of 1st period - Stopped by Brian Elliott without a rebound. 6:18 of 1st period - Steven Stamkos wins face-off versus Nikolaj Ehlers in LONG BEACH BARACUDAS zone. 6:23 of 1st period - Shot by Brendan Gallagher. 6:23 of 1st period - Shot Blocked by Ryan Pulock. 6:25 of 1st period - Shot by Steven Stamkos. 6:25 of 1st period - Stopped by Jaroslav Halak without a rebound. 6:26 of 1st period - Steven Stamkos wins face-off versus William Karlsson in RENO LIONS zone. 6:34 of 1st period - Icing by Ethan Bear. 6:35 of 1st period - William Karlsson wins face-off versus Steven Stamkos in RENO LIONS zone. 6:35 of 1st period - William Karlsson is hit by Steven Stamkos. 8:00 of 1st period - Shot by Sidney Crosby. 8:00 of 1st period - Shot Blocked by Oliver Ekman-Larsson. 8:04 of 1st period - Shot by Taylor Hall. 8:04 of 1st period - Goal by Taylor Hall - LONG BEACH BARACUDAS : 3 - RENO LIONS : 1. 8:05 of 1st period - Pierre-Luc Dubois wins face-off versus Nolan Patrick in neutral zone. 8:07 of 1st period - Off-side. 8:08 of 1st period - Nolan Patrick wins face-off versus Pierre-Luc Dubois in neutral zone. 8:40 of 1st period - Icing by Zachary Werenski. 8:41 of 1st period - William Karlsson wins face-off versus Nolan Patrick in LONG BEACH BARACUDAS zone. 8:46 of 1st period - Shot by Elias Pettersson. 8:46 of 1st period - Shot Misses the Net. 9:00 of 1st period - Shot by J.T. Compher. 9:00 of 1st period - Stopped by Jaroslav Halak without a rebound. 9:01 of 1st period - Sidney Crosby wins face-off versus Blake Coleman in RENO LIONS zone. 9:14 of 1st period - Shot by Elias Lindholm. 9:14 of 1st period - Deflect By Taylor Hall. 9:14 of 1st period - Shot Misses the Net. 9:26 of 1st period - Shot by Anders Lee. 9:26 of 1st period - Stopped by Brian Elliott without a rebound. 9:27 of 1st period - William Karlsson wins face-off versus Brandon Pirri in LONG BEACH BARACUDAS zone. 9:38 of 1st period - Shot by Brendan Gallagher. 9:38 of 1st period - Shot Misses the Net. 9:40 of 1st period - Shot by Brendan Gallagher. 9:40 of 1st period - Shot Misses the Net. 9:42 of 1st period - Shot by Jordan Oesterle. 9:42 of 1st period - Deflect By Steven Stamkos. 9:42 of 1st period - Stopped by Jaroslav Halak without a rebound. 9:43 of 1st period - Pierre-Luc Dubois wins face-off versus Sidney Crosby in RENO LIONS zone. 9:52 of 1st period - Shot by Evgeny Dadonov. 9:52 of 1st period - Shot Misses the Net. 10:14 of 1st period - Shot by Sidney Crosby. 10:14 of 1st period - Shot Misses the Net. 10:28 of 1st period - Taylor Hall is hit by Pierre-Luc Dubois and loses puck. 11:18 of 1st period - Shot by William Karlsson. 11:18 of 1st period - Shot Blocked by Jordan Oesterle. 11:21 of 1st period - Icing by Igor Ozhiganov. 11:22 of 1st period - Steven Stamkos wins face-off versus Tomas Nosek in LONG BEACH BARACUDAS zone. 11:22 of 1st period - Steven Stamkos is hit by Tomas Nosek. 11:36 of 1st period - Icing by Brendan Gallagher. 11:37 of 1st period - Steven Stamkos wins face-off versus Blake Coleman in LONG BEACH BARACUDAS zone. 12:01 of 1st period - Shot by Anders Lee. 12:01 of 1st period - Stopped by Brian Elliott without a rebound. 12:02 of 1st period - Nolan Patrick wins face-off versus William Karlsson in LONG BEACH BARACUDAS zone. 12:33 of 1st period - Shot by Nikolaj Ehlers. 12:33 of 1st period - Goal by Nikolaj Ehlers - LONG BEACH BARACUDAS : 3 - RENO LIONS : 2. 12:34 of 1st period - Sidney Crosby wins face-off versus Pierre-Luc Dubois in neutral zone. 14:12 of 1st period - Icing by Ben Hutton. 14:13 of 1st period - Nolan Patrick wins face-off versus Blake Coleman in LONG BEACH BARACUDAS zone. 14:25 of 1st period - Shot by Anders Lee. 14:25 of 1st period - Shot Misses the Net. 14:27 of 1st period - Shot by Vincent Hinostroza. 14:27 of 1st period - Stopped by Brian Elliott without a rebound. 14:28 of 1st period - Tomas Nosek wins face-off versus Steven Stamkos in LONG BEACH BARACUDAS zone. 14:40 of 1st period - Shot by Tomas Nosek. 14:40 of 1st period - Shot Misses the Net. 14:44 of 1st period - Shot by Tomas Nosek. 14:44 of 1st period - Shot Misses the Net. 14:52 of 1st period - Shot by Oscar Klefbom. 14:52 of 1st period - Stopped by Brian Elliott without a rebound. 14:53 of 1st period - J.T. Compher wins face-off versus Pierre-Luc Dubois in LONG BEACH BARACUDAS zone. 15:04 of 1st period - Shot by J.T. Compher. 15:04 of 1st period - Shot Misses the Net. 15:06 of 1st period - Shot by Ben Hutton. 15:06 of 1st period - Shot Misses the Net. 15:08 of 1st period - Shot by Kyle Palmieri. 15:08 of 1st period - Stopped by Jaroslav Halak without a rebound. 15:09 of 1st period - Blake Coleman wins face-off versus Brad Richardson in RENO LIONS zone. 15:42 of 1st period - Shot by Blake Coleman. 15:42 of 1st period - Shot Misses the Net. 16:16 of 1st period - Shot by Kyle Palmieri. 16:16 of 1st period - Stopped by Jaroslav Halak with a rebound. 16:21 of 1st period - Kyle Palmieri is hit by Oscar Klefbom and loses puck. 16:59 of 1st period - Steven Stamkos is hit by Oscar Klefbom and loses puck. 17:10 of 1st period - Shot by Steven Stamkos. 17:10 of 1st period - Stopped by Jaroslav Halak with a rebound. 18:17 of 1st period - Shot by Elias Pettersson. 18:17 of 1st period - Shot Misses the Net. 18:19 of 1st period - Shot by Ryan Pulock. 18:19 of 1st period - Stopped by Brian Elliott without a rebound. 18:20 of 1st period - Brad Richardson wins face-off versus Pierre-Luc Dubois in LONG BEACH BARACUDAS zone. 18:20 of 1st period - Brad Richardson is hit by Evgeny Dadonov. 18:34 of 1st period - Brad Richardson is hit by Robert Hagg and loses puck. 19:08 of 1st period - Icing by Ethan Bear. 19:09 of 1st period - Evgeny Dadonov wins face-off versus Sidney Crosby in RENO LIONS zone. 19:40 of 1st period - Shot by Elias Pettersson. 19:40 of 1st period - Deflect By William Karlsson. 19:40 of 1st period - Stopped by Brian Elliott with a rebound. 19:50 of 1st period - Shot by Elias Pettersson. 19:50 of 1st period - Deflect By William Karlsson. 19:50 of 1st period - Stopped by Brian Elliott with a rebound. Goals for this period are 3 for LONG BEACH BARACUDAS vs 2 for RENO LIONS. Shots for this period are 14 for LONG BEACH BARACUDAS vs 13 for RENO LIONS. 2nd period 0:01 of 2nd period - Steven Stamkos wins face-off versus Pierre-Luc Dubois in neutral zone. 0:18 of 2nd period - Shot by Steven Stamkos. 0:18 of 2nd period - Deflect By Brendan Gallagher. 0:18 of 2nd period - Shot Misses the Net. 1:03 of 2nd period - Shot by Nikolaj Ehlers. 1:03 of 2nd period - Stopped by Brian Elliott without a rebound. 1:04 of 2nd period - Nolan Patrick wins face-off versus Tomas Nosek in LONG BEACH BARACUDAS zone. 1:23 of 2nd period - Shot by J.T. Compher. 1:23 of 2nd period - Shot Blocked by Oliver Ekman-Larsson. 2:40 of 2nd period - Shot by Elias Lindholm. 2:40 of 2nd period - Stopped by Jaroslav Halak with a rebound. 2:42 of 2nd period - Shot by Sidney Crosby. 2:42 of 2nd period - Shot Misses the Net. 2:44 of 2nd period - Shot by Sidney Crosby. 2:44 of 2nd period - Shot Misses the Net. 3:10 of 2nd period - Shot by Elias Pettersson. 3:10 of 2nd period - Stopped by Brian Elliott without a rebound. 3:11 of 2nd period - Steven Stamkos wins face-off versus Pierre-Luc Dubois in LONG BEACH BARACUDAS zone. 3:30 of 2nd period - Shot by Brendan Gallagher. 3:30 of 2nd period - Deflect By Steven Stamkos. 3:30 of 2nd period - Stopped by Jaroslav Halak without a rebound. 3:31 of 2nd period - William Karlsson wins face-off versus Nolan Patrick in RENO LIONS zone. 3:54 of 2nd period - Shot by J.T. Compher. 3:54 of 2nd period - Shot Misses the Net. 4:04 of 2nd period - Shot by J.T. Compher. 4:04 of 2nd period - Stopped by Jaroslav Halak without a rebound. 4:05 of 2nd period - Sidney Crosby wins face-off versus Evgeny Dadonov in RENO LIONS zone. 5:09 of 2nd period - Shot by Brendan Gallagher. 5:09 of 2nd period - Shot Blocked by Jordie Benn. 6:03 of 2nd period - Shot by J.T. Compher. 6:03 of 2nd period - Shot Misses the Net. 7:37 of 2nd period - Nikolaj Ehlers is hit by Igor Ozhiganov and loses puck. 7:43 of 2nd period - Icing by Taylor Hall. 7:44 of 2nd period - Blake Coleman wins face-off versus Sidney Crosby in LONG BEACH BARACUDAS zone. 7:44 of 2nd period - Blake Coleman is hit by Igor Ozhiganov. 7:52 of 2nd period - Shot by Anders Lee. 7:52 of 2nd period - Deflect By Vincent Hinostroza. 7:52 of 2nd period - Shot Misses the Net. 7:57 of 2nd period - Blake Coleman is hit by Igor Ozhiganov. 7:59 of 2nd period - Shot by Vincen